 Dungeon Crawl Stone Soup version 0.29.0-4-gdea44cf6ec (webtiles) character file.

Game seed: 15590669999211776439

527 qw the Chopper (level 7, -4/41 HPs)
             Began as a Tengu Warper on Aug 29, 2022.
             Slain by a gnoll sergeant
             ... wielding a +0 trident
              (9 damage)
             ... on level 6 of the Dungeon.
             The game lasted 00:01:40 (5001 turns).

qw the Chopper (Tengu Warper)                       Turns: 5001, Time: 00:01:41

Health: -4/41      AC:  8    Str: 19    XL:     7   Next: 23%
Magic:  11/11      EV:  9    Int: 14    God:
Gold:   276        SH:  0    Dex: 13    Spells: 10/10 levels left

rFire   . . .      SeeInvis +   Y - +1 war axe
rCold   . . .      Faith    .   (no shield)
rNeg    . . .      Spirit   .   c - +0 chain mail
rPois   .          Reflect  .   (helmet restricted)
rElec   .          Harm     .   (no cloak)
rCorr   .          Rampage  .   (no gloves)
Will    .....                   (boots unavailable)
Stlth   ..........              (no amulet)
HPRegen 0.13/turn               g - ring of see invisible
MPRegen 0.12/turn               i - +6 ring of strength

@: about to teleport, flying quickly and evasively, quick
A: beak, talons 3, nimble flight
a: no special abilities


You were on level 6 of the Dungeon.
You visited 1 branch of the dungeon, and saw 6 of its levels.

You collected 276 gold pieces.


Innate Abilities, Weirdness & Mutations

You have a beak for a mouth.
You have claws for feet.
Your magical nature lets you fly swiftly and evasively.


   Skills:
 - Level 3.2 Fighting
 + Level 7.7 Axes
 - Level 1.0 Throwing
 - Level 2.0 Armour
 - Level 2.1 Dodging
 - Level 2.0 Spellcasting
 - Level 2.4 Translocations


You had 10 spell levels left.
You didn't know any spells.
Your spell library contained the following spells:

 Spells                   Type           Power      Damage    Failure   Level
 Blink                    Tloc           16%        N/A       86%         2
 Gell's Gravitas          Tloc           8%         N/A       98%         3
 Lesser Beckoning         Tloc           8%         N/A       98%         3
 Teleport Other           Tloc           8%         N/A       98%         3
 Manifold Assault         Tloc           8%         N/A       100%        5

Inventory:

Hand Weapons
 f - a +0 flail
 Y - a +1 war axe (weapon)
Armour
 c - a +0 chain mail (worn)
Jewellery
 e - a +6 ring of dexterity
 g - a ring of see invisible (left hand)
 i - a +6 ring of strength (right hand)
Scrolls
 a - 2 scrolls of identify
Potions
 b - a potion of haste
 d - a potion of heal wounds {unknown}
 h - 2 potions of mutation

Dungeon Overview and Level Annotations

Branches:
Dungeon (6/15)
 Temple: D:4-7

Altars:


Message History

The gnoll hits you but does no damage. The gnoll hits you with a +0 club.
A gnoll sergeant comes into view. It is wielding a +0 trident.
The gnoll sergeant shouts!
You hit the gnoll but do no damage. You claw the gnoll!
You kill the gnoll!
You hear a shout!
The gnoll closely misses you. The gnoll barely misses you.
The gnoll hits you but does no damage.
You closely miss the kobold. You claw the kobold. You peck the kobold.
You kill the kobold!
The gnoll barely misses you.
The gnoll sergeant hits you from afar with a +0 trident.
Found a stone staircase leading down.
The kobold shouts!
The gnoll hits you with a +0 spear. The gnoll misses you.
Items here: %% )).
You hit the gnoll sergeant but do no damage.
You claw the gnoll sergeant.
The gnoll sergeant is lightly wounded.
You barely miss the gnoll.
The gnoll hits you but does no damage. x3
The gnoll sergeant hits you with a +0 trident!
4999 ||| READING scroll of teleportation.
As you read the scroll of teleportation, it crumbles to dust.
You feel strangely unstable. The gnoll hits you but does no damage.
The gnoll barely misses you. x2
The gnoll sergeant barely misses you.
You hit the gnoll sergeant. You claw the gnoll sergeant.
The gnoll sergeant is moderately wounded.
You hit the gnoll. The gnoll hits you but does no damage.
The kobold throws a stone.
The stone hits you but does no damage. The gnoll misses you.
The gnoll closely misses you. The gnoll sergeant barely misses you.
You hit the gnoll.
The gnoll is almost dead.
You hit the gnoll sergeant. The gnoll hits you but does no damage.
The gnoll hits you with a +0 spear. The gnoll closely misses you.
The gnoll sergeant hits you with a +0 trident!
You die...

K... ...... #
........ #...>#.##
......#..##....#...
.........#.......#.
....... ...........
....... #%=.......
.....gK #)........
.....g.###.%......#
......g@#).........
..>.##g).).##...##.
. ..#......# ...#
..........#......
###...#...#......#
....###.........#
###.. #........##
##.###..##...#
###.[...## ....


You could see a gnoll sergeant, 3 gnolls and a kobold.

Vanquished Creatures
  A black bear (D:3)
  A kobold brigand (D:6)
  A scorpion (D:6)
  2 hounds
  An orc priest (D:4)
  2 iguanas (D:5)
  An orc wizard (D:5)
  A gnoll (D:6)
  3 adders
  A shadow imp (D:5)
  An ufetubus (D:5)
  A worm (D:3)
  A dart slug (D:1)
  7 orcs
  5 bats
  3 endoplasms (D:2)
  3 giant cockroaches
  6 goblins
  11 hobgoblins
  3 jackals (D:1)
  12 kobolds
  6 quokkas
  4 ball pythons
  A frilled lizard (D:1)
  4 rats
82 creatures vanquished.

Notes
Turn   | Place    | Note
-------+----------+-------------------------------------------
     0 | D:1      | qw the Tengu Warper began the quest for the Orb.
     0 | D:1      | Reached XP level 1. HP: 12/12 MP: 4/4
     0 | D:1      | 0 ||| qw: Version: 0.1-a-89-g26bdef1
     0 | D:1      | 0 ||| qw: Game counter: 3455
     0 | D:1      | 0 ||| qw: Always use a shield: true
     0 | D:1      | 0 ||| qw: God list: Okawaru
     0 | D:1      | 0 ||| qw: Allow faded altars: false
     0 | D:1      | 0 ||| qw: Do Orc after D:15 true
     0 | D:1      | 0 ||| qw: Do second Lair branch before Depths: true
     0 | D:1      | 0 ||| qw: Lair rune preference: random
     0 | D:1      | 0 ||| qw: Plans: Normal
     0 | D:1      | 0 ||| PLANNING D:1-11
    96 | D:1      | 96 ||| Stepping ~*~*~tactically~*~*~ (hiding).
   392 | D:1      | Reached XP level 2. HP: 17/17 MP: 6/6
   396 | D:1      | Reached skill level 3 in Axes
   697 | D:1      | 697 ||| Stepping ~*~*~tactically~*~*~ (stealth).
   699 | D:1      | 699 ||| Stepping ~*~*~tactically~*~*~ (stealth).
   701 | D:1      | 701 ||| Stepping ~*~*~tactically~*~*~ (stealth).
   911 | D:1      | Reached XP level 3. HP: 16/21 MP: 7/7
  1009 | D:1      | 1009 ||| Stepping ~*~*~tactically~*~*~ (stealth).
  1011 | D:1      | 1011 ||| Stepping ~*~*~tactically~*~*~ (stealth).
  1437 | D:1      | Reached skill level 4 in Axes
  1699 | D:1      | 1699 ||| UPGRADING to ring of see invisible.
  1700 | D:1      | 1700 ||| UPGRADING to +6 ring of strength.
  1701 | D:1      | 1701 ||| READING 3 scrolls labelled JYK QUNGUNK.
  1702 | D:1      | 1702 ||| READING scroll labelled GETODA XULL.
  1705 | D:1      | 1705 ||| READING scroll labelled KIFIFE NAED.
  1806 | D:1      | 1806 ||| READING scroll labelled TYUCWA HOPSY.
  1807 | D:1      | 1807 ||| READING 2 scrolls of identify.
  1807 | D:1      | 1807 ||| IDENTIFYING sedimented green potion
  1808 | D:1      | 1808 ||| DROPPING scroll of blinking.
  1933 | D:2      | 1933 ||| SWAPPING to +0 war axe.
  1934 | D:2      | 1934 ||| DROPPING +0 hand axe.
  1965 | D:2      | Reached XP level 4. HP: 21/26 MP: 8/8
  2442 | D:2      | 2442 ||| UPGRADING to +0 chain mail.
  2452 | D:2      | 2452 ||| DROPPING +0 leather armour.
  2453 | D:2      | 2453 ||| READING 2 scrolls of identify.
  2453 | D:2      | 2453 ||| IDENTIFYING fizzy amethyst potion
  2469 | D:3      | 2469 ||| PLANNING SEWER
  2609 | D:3      | Noticed a black bear
  2619 | D:3      | Killed a black bear
  2619 | D:3      | HP: 5/26 [goblin/+0 club (2)]
  2620 | D:3      | Reached skill level 6 in Axes
  2620 | D:3      | Gained mutation: Your magical nature lets you fly swiftly
                  | and evasively. [Tengu growth]
  2620 | D:3      | Reached XP level 5. HP: 6/30 MP: 9/9
  2620 | D:3      | 2620 ||| READING scroll of teleportation.
  2979 | D:3      | 2979 ||| DRINKING potion of curing.
  2979 | D:3      | 2979 ||| (to cure poison)
  3098 | D:3      | Noticed a kobold brigand
  3098 | D:3      | Noticed a phantom
  3132 | D:3      | 3132 ||| RIP SEWER
  3168 | D:3      | 3168 ||| PLANNING D:1-11
  3276 | D:3      | 3276 ||| READING scroll labelled IVACHOSHRAC.
  3277 | D:3      | 3277 ||| READING scroll labelled WURAUM UKEMO.
  3278 | D:3      | 3278 ||| READING 2 scrolls of identify.
  3278 | D:3      | 3278 ||| IDENTIFYING grey potion
  3279 | D:3      | 3279 ||| DROPPING potion of brilliance.
  3608 | D:4      | 3608 ||| Stepping ~*~*~tactically~*~*~ (stealth).
  3611 | D:4      | 3611 ||| Stepping ~*~*~tactically~*~*~ (hiding).
  3625 | D:4      | Reached XP level 6. HP: 25/35 MP: 10/10
  3711 | D:4      | 3711 ||| DROPPING +0 whip.
  3870 | D:4      | Identified the +5 dagger "Ysielef" {vorpal, rPois rC+ Will+
                  | Int+2}
  4067 | D:4      | 4067 ||| READING scroll labelled MOMUM OSARIUN.
  4068 | D:4      | 4068 ||| READING 2 scrolls of identify.
  4068 | D:4      | 4068 ||| IDENTIFYING yellow potion
  4069 | D:4      | 4069 ||| DROPPING potion of berserk rage.
  4108 | D:5      | Entered Level 5 of the Dungeon
  4317 | D:5      | Reached skill level 7 in Axes
  4420 | D:5      | 4420 ||| Stepping ~*~*~tactically~*~*~ (hiding).
  4426 | D:5      | 4426 ||| Stepping ~*~*~tactically~*~*~ (hiding).
  4433 | D:5      | 4433 ||| DRINKING potion of curing.
  4433 | D:5      | 4433 ||| (to cure confusion)
  4672 | D:5      | 4672 ||| Stepping ~*~*~tactically~*~*~ (hiding).
  4931 | D:5      | 4931 ||| READING scroll labelled IMENAS JOUHAUN.
  4932 | D:5      | 4932 ||| DRINKING 2 cyan potions.
  4964 | D:6      | Reached skill level 3 in Fighting
  4976 | D:6      | Reached XP level 7. HP: 41/41 MP: 11/11
  4976 | D:6      | 4976 ||| Stepping ~*~*~tactically~*~*~ (stealth).
  4983 | D:6      | 4983 ||| Stepping ~*~*~tactically~*~*~ (stealth).
  4984 | D:6      | 4984 ||| Stepping ~*~*~tactically~*~*~ (stealth).
  4991 | D:6      | 4991 ||| Stepping ~*~*~tactically~*~*~ (hiding).
  4998 | D:6      | HP: 8/41 [gnoll sergeant/+0 trident (11)]
  4999 | D:6      | 4999 ||| READING scroll of teleportation.
  5001 | D:6      | Slain by a gnoll sergeant

Levels and vault maps discovered:
D:1:      mushboom_english_gardens, layout_basic, grunt_decor_clamped,
          minivault_19, minmay_misc_feat_plants, minmay_misc_feat_square,
          minmay_split_cup_large
D:2:      layout_basic
D:3:      layout_rooms, gup_sewer_entry_glass, minmay_misc_feat_tiny,
          lightli_corner_chamber
D:4:      layout_basic
D:5:      layout_loops_ring
D:6:      layout_cave_pools, mainiacjoe_overflow_alcove_1,
          minmay_temple_entry_wispy, minmay_misc_feat_room, kennysheep_boxes,
          uniq_maggie

Skill      XL: |  1  2  3  4  5  6 |
---------------+-------------------+-----
Axes           | 3 4 6 7 |  7.7
Armour         | 2 |  2.0
Fighting       | 3 |  3.2
Throwing       | |  1.0
Dodging        | |  2.1
Spellcasting   | |  2.0
Translocations | |  2.4

Action                   |  1- 3 |  4- 6 |  7- 9 || total
-------------------------+-------+-------+-------++-------
Melee: Hand axe          |    75 |       |       ||    75
       Kick              |    20 |    18 |     8 ||    46
       Peck              |    11 |    11 |     2 ||    24
       War axe           |    10 |    90 |    18 ||   118
Throw: Boomerang         |     7 |       |       ||     7
  Use: Scroll            |     5 |     8 |     1 ||    14
       Potion            |       |     3 |       ||     3
Armor: Leather armour    |    25 |       |       ||    25
       Chain mail        |       |    38 |    14 ||    52
Dodge: Dodged            |    39 |    25 |    19 ||    83

Table legend:
 A = Non-vault XP
 B = Vault XP
 C = Vault XP percentage of total XP
 D = Non-vault monster count
 E = Vault monster count
 F = Vault count percentage of total count
                 A         B        C        D         E       F
            +---------+---------+-------+---------+---------+-------
      Total |     746 |       7 |   0.9 |      78 |       4 |   4.9
            +---------+---------+-------+---------+---------+-------
        D:1 |      43 |       7 |  14.0 |      23 |       4 |  14.8
        D:2 |      41 |       0 |   0.0 |      11 |       0 |   0.0
        D:3 |     167 |       0 |   0.0 |      14 |       0 |   0.0
        D:4 |      66 |       0 |   0.0 |      12 |       0 |   0.0
        D:5 |     184 |       0 |   0.0 |      10 |       0 |   0.0
        D:6 |     245 |       0 |   0.0 |       8 |       0 |   0.0
            +---------+---------+-------+---------+---------+-------
